 Dungeon Crawl Stone Soup version 0.23-a0-484-g29ba69c (webtiles) character file.

19 XanderDroid the Protected (level 2, 0/20 HPs)
             Began as a Gnoll Wanderer on Nov 30, 2018.
             Slain by Natasha (1 damage)
             ... on level 1 of the Dungeon.
             The game lasted 00:01:46 (826 turns).

XanderDroid the Protected (Gnoll Wanderer)           Turns: 826, Time: 00:01:47

Health: 0/20       AC: 12    Str: 16    XL:     2   Next: 75%
Magic:  3/3        EV:  9    Int: 16    God:
Gold:   11         SH:  0    Dex: 10    Spells: 2/2 levels left

rFire    . . .     SeeInvis .   b - +0 mace
rCold    . . .     Gourm    .   (no shield)
rNeg     . . .     Faith    .   a - +2 scale mail
rPois    .         Spirit   .   (no helmet)
rElec    .         Reflect  .   (no cloak)
rCorr    .         Harm     .   e - +0 pair of gloves
MR       .....                  (no boots)
Stlth    ..........             (no amulet)
HPRegen  0.06/turn              (no ring)
MPRegen  0.08/turn              (no ring)

@: no status effects
A: distributed training, fangs 1, strong nose
a: no special abilities


You were on level 1 of the Dungeon.
You were not hungry.

You visited 1 branch of the dungeon, and saw 2 of its levels.

You collected 11 gold pieces.

Inventory:

Hand Weapons
 b - a +0 mace (weapon)
Armour
 a - a +2 scale mail (worn)
 e - a +0 pair of gloves (worn)
Scrolls
 g - a scroll of remove curse {unknown}
Potions
 c - a potion of lignification
 h - a potion of agility {unknown}
 i - 2 potions of curing {unknown}
Comestibles
 d - 2 rations
 f - 2 chunks of flesh


   Skills:
 + Level 0.5 Fighting
 + Level 0.5 Short Blades
 + Level 0.5 Long Blades
 + Level 0.5 Axes
 + Level 6.5 Maces & Flails
 + Level 0.5 Polearms
 + Level 0.5 Staves
 + Level 0.5 Slings
 + Level 0.5 Bows
 + Level 0.5 Crossbows
 + Level 0.5 Throwing
 + Level 10.3 Armour
 + Level 0.5 Dodging
 + Level 0.5 Stealth
 + Level 2.5 Shields
 + Level 0.5 Unarmed Combat
 + Level 0.5 Spellcasting
 + Level 0.3 Conjurations
 + Level 0.3 Hexes
 + Level 0.3 Charms
 + Level 0.3 Summonings
 + Level 0.3 Necromancy
 + Level 0.3 Translocations
 + Level 0.3 Transmutations
 + Level 0.3 Fire Magic
 + Level 0.3 Ice Magic
 + Level 0.3 Air Magic
 + Level 0.3 Earth Magic
 + Level 0.3 Poison Magic
 + Level 0.6 Invocations
 + Level 2.5 Evocations


You had 2 spell levels left.
You didn't know any spells.
Your spell library was empty.

Dungeon Overview and Level Annotations

Branches:
Dungeon (2/15)

Altars:

Annotations:
D:1 Natasha


Innate Abilities, Weirdness & Mutations

Your experience applies equally to all skills.
You have very sharp teeth.
Your uncanny sense of smell can sniff out nearby items.


Message History

Natasha closely misses you.
The iron imp hits you but does no damage.
You sock Natasha!
Natasha is heavily wounded.
Natasha claws you!
The iron imp hits you but does no damage.
You closely miss Natasha.
Natasha is heavily wounded.
Natasha barely misses you.
You closely miss Natasha.
Natasha is heavily wounded.
The iron imp barely misses you. Natasha claws you.
You hit Natasha. You bite Natasha, but do no damage.
Natasha is severely wounded.
Natasha claws you but does no damage. The iron imp hits you!
* * * LOW HITPOINT WARNING * * *
You hit Natasha but do no damage.
Natasha is severely wounded.
Natasha claws you.
You die...

########.........# #...# #
##...............# #...#
##.#####'#####...# #...# #
#.#PPP#.#PPP#...######...## #
##.#P⌠P#.#P⌠P#.....#.......# #
...#PPP#.#PPP#.....#.......######
#..#####)#####.....#..##.......[.
#..'....<....+.h5................
##.#####.#####..@÷.#..##.......#.
#.#PPP#.#PPP#.....#........#..#.
#.#P⌠P#.#P⌠P#.....#........#..#.
#.#PPP#.#PPP#..##.########..÷...
#.#####+#####.###.# #####...##
#.............###.#####.....#...
#######...........##..........##
#######.######.....>.#### #.#
#.......#


You could see an iron imp and Natasha.

Vanquished Creatures
  2 bats (D:1)
  A giant cockroach (D:1)
  3 goblins (D:1)
  3 hobgoblins (D:1)
  A quokka (D:1)
  A frilled lizard (D:1)
  2 kobolds (D:1)
  7 rats (D:1)
20 creatures vanquished.

Notes
Turn   | Place    | Note
-------+----------+-------------------------------------------
     0 | D:1      | Reached skill level 10 in Armour
     0 | D:1      | XanderDroid the Gnoll Wanderer began the quest for the Orb.
     0 | D:1      | XanderDroid set off with the following items: a +2 scale
                  | mail, a +0 mace, a potion of lignification, a ration
     0 | D:1      | Reached XP level 1. HP: 13/13 MP: 2/2
    94 | D:1      | Reached XP level 2. HP: 15/19 MP: 3/3
   711 | D:2      | Noticed Natasha
   825 | D:1      | HP: 1/20 [iron imp[Natasha] (9)]
   826 | D:1      | Slain by Natasha

Vault maps used:
D:1:      beargit_arrival_greenhouse
D:2:      marbit_many_paths, lemuel_crystal_altar, minmay_diced_spiral,
          uniq_natasha

Skill      XL: | |
---------------+-+-----
Armour         | | 10.3
Fighting       | |  0.5
Short Blades   | |  0.5
Long Blades    | |  0.5
Axes           | |  0.5
Maces & Flails | |  6.5
Polearms       | |  0.5
Staves         | |  0.5
Slings         | |  0.5
Bows           | |  0.5
Crossbows      | |  0.5
Throwing       | |  0.5
Dodging        | |  0.5
Stealth        | |  0.5
Shields        | |  2.5
Unarmed Combat | |  0.5
Spellcasting   | |  0.5
Conjurations   | |  0.3
Hexes          | |  0.3
Charms         | |  0.3
Summonings     | |  0.3
Necromancy     | |  0.3
Translocations | |  0.3
Transmutations | |  0.3
Fire Magic     | |  0.3
Ice Magic      | |  0.3
Air Magic      | |  0.3
Earth Magic    | |  0.3
Poison Magic   | |  0.3
Invocations    | |  0.6
Evocations     | |  2.5

Action                   || total
-------------------------++-------
Melee: Mace              ||    78
       Bite              ||    11
Armor: Scale mail        ||    54
Dodge: Dodged            ||    37

Table legend:
 A = Non-vault XP
 B = Vault XP
 C = Vault XP percentage of total XP
 D = Non-vault monster count
 E = Vault monster count
 F = Vault count percentage of total count
                 A         B        C        D         E       F
            +---------+---------+-------+---------+---------+-------
      Total |      28 |       0 |   0.0 |      20 |       0 |   0.0
            +---------+---------+-------+---------+---------+-------
        D:1 |      28 |       0 |   0.0 |      20 |       0 |   0.0
            +---------+---------+-------+---------+---------+-------
